Map: Usina Ácida LE

Players

raphaerus

  • Race: Terran Terran
  • League: Silver
  • Spawn Location: 5:00

IagoAbreu - Winner!

  • Race: Zerg Zerg
  • League: Gold
  • Spawn Location: 11:00

VOD

Have the link to the VOD?

Description

Time

  • Played on: May 12, 2018, 11:13 a.m.
  • Length: 7:42
Show
View Real Time Build Order
Export as new Build Order

raphaerus Terran 

Build Orders:  

Get SALT Encoding   

  12  0:08  SCV  
  13  0:21  Supply Depot  
  13  0:27  Supply Depot  
  13  0:35  SCV  
  14  0:45  Barracks  
  14  0:47  SCV  
  15  1:06  Barracks  
  15  1:09  SCV  
  16  1:26  Barracks  
  16  1:36  Barracks  
  16  1:42  Refinery  
  16  1:53  Marine  
  16  1:54  Marine  
  18  2:02  SCV  
  19  2:10  Marine  
  19  2:11  Marine  
  19  2:14  SCV  
  22  2:19  Refinery  
  22  2:23  Marine  
  22  2:24  Marine  
  22  2:28  Marine  
  22  2:29  Marine  
  26  2:41  Barracks  
  26  2:56  Barracks Tech Lab, Engineering Bay  
  26  3:11  Supply Depot  
  26  3:12  Marine  
  26  3:13  Marine x2  
  29  3:27  Orbital Command  
  29  3:30  Marine  
  30  3:34  Combat Shields  
  29  3:53  Marine, Marauder  
  29  3:54  Marine  
  23  4:19  Marine x4  
  26  4:26  Marine  
  27  4:37  Marine x2  
  29  4:44  Marine  
  30  4:51  Marauder  
  32  4:53  Marine  
  21  5:20  Marine x2  
  21  5:21  Marine x2  
  23  5:39  Marine  
  23  5:40  Marine x2  
  23  5:43  Marine  
  19  5:57  Marine  
Show
View Real Time Build Order
Export as new Build Order

IagoAbreu Zerg - Winner!

Build Orders: Pool First 

Get SALT Encoding   

  12  0:02  Drone  
  13  0:13  Overlord  
  13  0:18  Drone  
  14  0:31  Extractor  
  14  0:32  Drone  
  14  0:33  Drone  
  15  0:52  Spawning Pool  
  14  1:13  Hatchery  
  13  1:20  Drone  
  13  1:21  Drone  
  13  1:24  Drone  
  16  1:36  Drone  
  17  1:45  Evolution Chamber  
  16  1:53  Drone  
  16  1:54  Drone, Queen  
  20  2:14  Drone  
  21  2:27  Queen  
  21  2:28  Drone  
  24  2:36  Drone  
  25  3:02  Spine Crawler  
  25  3:04  Spine Crawler  
  23  3:13  Zergling x2  
  23  3:14  Zergling x4  
  23  3:19  Lair  
  26  3:35  Drone  
  27  3:42  Roach Warren  
  25  3:50  Zergling x4  
  27  3:57  Overlord x2  
  27  4:07  Hatchery  
  24  4:33  Overseer, Spine Crawler  
  24  4:37  Roach x6  
  35  4:42  Zerg Missile Weapons Level 1  
  35  4:51  Drone x2  
  35  4:52  Overlord  
  36  5:09  Roach x2  
  36  5:10  Roach  
  42  6:29  Roach x2  
  42  6:30  Roach x4  
Tags
 
Add a new tag
Caveats
  • Supply blocks, unpowered buildings, or Contaminate may cause inaccurate times.
  • Supply counts are checked every 10 seconds.